 Dungeon Crawl Stone Soup version 0.29.1-1-gd02db6906a (webtiles) character file.

Game seed: 11958723882094887141

1291 croobank the Nimble (level 8, -2/38 HPs)
             Began as a Felid Summoner on Oct 3, 2022.
             Was an Initiate of Gozag.
             Killed by divine providence
             ... invoked by an orc priest
              (17 damage)
             ... on level 7 of the Dungeon.
             The game lasted 00:49:45 (9718 turns).

croobank the Nimble (Felid Summoner)                Turns: 9718, Time: 00:49:46

Health: -2/38      AC:  6    Str:  4    XL:     8   Next: 30%
Magic:  17/26      EV: 22    Int: 20    God:    Gozag
Gold:   586        SH:  0    Dex: 17    Spells: 5/18 levels left
                                        Lives:  0   Deaths: 2

rFire   . . .      SeeInvis +   (weapon unavailable)
rCold   . . .      Faith    .   (shield unavailable)
rNeg    . . .      Spirit   .   (body armour unavailable)
rPois   .          Reflect  .   (helmet unavailable)
rElec   .          Harm     .   (cloak unavailable)
rCorr   .          Rampage  .   (gloves unavailable)
Will    +....                   (boots unavailable)
Stlth   ++........              (no amulet)
HPRegen 0.12/turn               q - ring of magical power
MPRegen 0.20/turn               k - +4 ring of protection

@: gold aura, quick
A: very small, claws 1, fangs 3, see invisible, speed 1, shaggy fur 2, stealthy
paws, no weapons or thrown items, no armour, multi-lived
a: Renounce Religion, Potion Petition, Call Merchant, Bribe Branch


You were on level 7 of the Dungeon.
You worshipped Gozag.
Gozag was pleased with you.
You visited 2 branches of the dungeon, and saw 8 of its levels.

You collected 708 gold pieces.
You paid 122 gold pieces to Gozag.

Inventory:

Jewellery
 b - a ring of willpower
 k - a +4 ring of protection (right paw)
 o - a +4 ring of protection
 q - a ring of magical power (left paw)
 v - a ring of protection from fire
Scrolls
 a - a scroll of immolation
 c - a scroll of fog
 f - a scroll of enchant armour {unknown}
 h - a scroll of blinking
 i - a scroll of vulnerability
 l - 4 scrolls of teleportation
 n - a scroll of summoning
 s - a scroll of enchant weapon {unknown}
 u - a scroll of magic mapping {unknown}
 w - a scroll of poison
 x - a scroll of identify
Potions
 d - 2 potions of attraction
 e - 2 potions of berserk rage
 g - a potion of invisibility
 j - 2 potions of cancellation
 m - a potion of curing
 p - 2 potions of flight
 r - 3 potions of brilliance
 t - 3 potions of might


   Skills:
 + Level 5.7 Fighting
 + Level 8.2 Dodging
 - Level 2.7 Stealth
 + Level 5.6 Spellcasting
 + Level 4.4 Hexes
 + Level 7.1 Summonings
 + Level 2.7 Air Magic


You had 5 spell levels left.
You knew the following spells:

 Your Spells              Type           Power      Damage    Failure   Level
a - Summon Small Mammal   Summ           100%       N/A       1%          1
b - Call Imp              Summ           34%        N/A       1%          2
c - Call Canine Familiar  Summ           34%        N/A       1%          3
d - Summon Guardian Gole  Hex/Summ       28%        N/A       3%          3
e - Summon Lightning Spi  Summ/Air       25%        N/A       14%         4

Your spell library contained the following spells:

 Spells                   Type           Power      Damage    Failure   Level
 Freeze                   Ice            20%        1d4       11%         1
 Conjure Flame            Conj/Fire      5%         6-21      32%         3
 Frozen Ramparts          Ice            10%        1d2       32%         3
 Ignite Poison            Fire/Tmut/Pois 5%         N/A       32%         3
 Hailstorm                Conj/Ice       5%         3d4       73%         4
 Sticky Flame             Conj/Fire      5%         2d3       73%         4


Dungeon Overview and Level Annotations

Branches:
Dungeon (7/15)             Temple (1/1) D:5

Altars:
Ashenzari
Cheibriados
Dithmenos
Elyvilon
Fedhas
Gozag
Kikubaaqudgha
Makhleb
Nemelex Xobeh
Okawaru
Qazlal
Ru
Trog
Uskayaw
Vehumet
Wu Jian
Xom
Yredelemnul
The Shining One

Shops:
D:7 (


Innate Abilities, Weirdness & Mutations

You have sharp claws.
You have razor-sharp teeth.
You have supernaturally acute eyesight. (SInv)
You cover ground quickly. (Speed+)
You are covered in thick fur. (AC +2)
Your paws help you pounce on unaware monsters.
You are incapable of wielding weapons or throwing items.
You cannot wear armour.
You gain extra lives every three experience levels.


Message History

Your hound closely misses the orc priest.
Your white imp gestures at the orc.
The puff of frost hits the orc!
The orc dies!
What are your orders? t - Meow!
Orders for allies: a - Attack new target. r - Retreat! s - Stop attacking. g - Guard the area. f - Follow me.
Anything else - Cancel.
Gang up on whom?
Press: ? - help, Dir - move target, f - orc priest
Aim: an orc priest, wielding a +0 flail and wearing a +0 chain mail (lightly wounded, ally target) Attack!
Your hound bites the orc priest.
The orc priest invokes the aid of Beogh against you.
Your hound writhes in agony.
Your white imp hits the orc priest but does no damage.
Your hound barely misses the orc priest.
The orc priest is no longer distracted by gold.
The orc priest casts a cantrip, but nothing happens.
Your white imp barely misses the orc priest.
Your hound bites the orc priest but does no damage.
Your hound barely misses the orc priest.
The orc priest hits your hound with a +0 flail.
Your white imp hits the orc priest but does no damage.
Your hound bites the orc priest but does no damage.
The orc priest mumbles some strange prayers to Beogh against you.
Beogh smites you!
Your hound bites the orc priest but does no damage.
Your white imp hits the orc priest.
Your white imp freezes the orc priest.
Your hound bites the orc priest.
The orc priest dies!
The orc priest hits your white imp with a +3 dagger of flaming.
The orc priest burns your white imp.
Your white imp hits the orc priest.
Your white imp freezes the orc priest.
The orc hits your white imp with a +0 whip.
The orc priest mumbles some strange prayers to Beogh against you.
Beogh smites you!
You die...
Your body crumbles into a pile of gold.

#######.......#...........###.##
............[.#......[........#
..............#...........#####
.........o....#######.....#
..............#### ##.....#
#######.##..#oh9.###......#######
#######.###..o5..##..#..........#
............#.#.[...##...######.#
###########.#.##@.>.###### #.#
#.#.####### #.# #####.#.# #.#
#.....#.# #.# #.###.#.# #<# #.#
#...# ### #.###.#.# #....>..#
#####.###


You could see an orc priest (ally target), an orc, a friendly guardian golem
(summoned), a friendly hound (summoned, sheltered) and a friendly white imp
(summoned, sheltered).

Vanquished Creatures
  A wight (D:7)
  An orc wizard (D:4)
  2 dart slugs
  An orc (D:6)
  A quokka (D:4)
  3 bats
  A kobold (D:2)
  A rat (D:3)
11 creatures vanquished.

Vanquished Creatures (collateral kills)
  Sigmund (D:3)
  A water moccasin (D:6)
  An ice beast (D:6)
  2 black bears
  A sky beast (D:7)
  An ogre (D:5)
  A phantom (D:4)
  A bullfrog (D:7)
  2 necrophages
  2 scorpions (D:5)
  A wight (D:7)
  A howler monkey (D:4)
  A nameless horror (D:4)
  A jelly (D:5)
  An orc priest (D:7)
  2 hounds
  3 iguanas
  2 orc wizards
  10 gnolls
  10 adders
  A shadow imp (D:5)
  3 worms
  A dart slug (D:5)
  8 orcs
  5 ball pythons
  2 bats (D:3)
  7 endoplasms
  2 giant cockroaches (D:4)
  6 goblins
  2 hobgoblins
  6 jackals (D:2)
  6 quokkas
  2 frilled lizards
  5 kobolds
  3 rats
104 creatures vanquished.

Vanquished Creatures (others)
  2 water moccasins (D:7)
  An ice beast (D:5)
  An orc warrior (D:7)
  6 wights (D:7)
  An orc priest (D:6)
  An orc wizard (D:7)
  A gnoll (D:6)
  2 orcs (D:7)
15 creatures vanquished.

Grand Total: 130 creatures vanquished

Notes
Turn   | Place    | Note
-------+----------+-------------------------------------------
     0 | D:1      | croobank the Felid Summoner began the quest for the Orb.
     0 | D:1      | Reached XP level 1. HP: 7/7 MP: 4/4
   574 | D:1      | Reached skill level 3 in Dodging
   604 | D:1      | Reached XP level 2. HP: 12/12 MP: 3/6
   607 | D:1      | Learned a level 2 spell: Call Imp
   968 | D:2      | Reached skill level 1 in Fighting
  1308 | D:2      | Reached XP level 3. HP: 15/15 MP: 2/7
  1970 | D:2      | Found a faded altar of an unknown god.
  2197 | D:2      | Reached XP level 4. HP: 19/19 MP: 3/8
  2201 | D:2      | Learned a level 3 spell: Call Canine Familiar
  2364 | D:3      | Noticed Sigmund
  2739 | D:4      | Slain by a gnoll
  2740 | D:4      | Reached XP level 3. HP: 0/16 MP: 4/8
  2762 | D:4      | Reached skill level 4 in Dodging
  2785 | D:4      | Reached XP level 4. HP: 14/19 MP: 2/9
  2793 | D:4      | Noticed a phantom
  2834 | D:4      | Killed a phantom
  2835 | D:4      | Reached XP level 5. HP: 20/23 MP: 7/10
  2871 | D:4      | Learned a level 3 spell: Summon Guardian Golem
  2921 | D:4      | Reached skill level 5 in Summonings
  3191 | D:4      | Noticed a nameless horror
  3204 | D:4      | Killed a nameless horror
  3442 | D:4      | Reached skill level 5 in Dodging
  3442 | D:4      | Gained mutation: You are covered in thick fur. (AC +2)
                  | [Felid growth]
  3442 | D:4      | Reached XP level 6. HP: 27/27 MP: 4/12
  4000 | D:5      | Entered Level 5 of the Dungeon
  4609 | D:5      | Reached XP level 7. HP: 11/31 MP: 13/13
  5207 | D:5      | Reached skill level 6 in Dodging
  5516 | D:5      | Found a staircase to the Ecumenical Temple.
  5527 | Temple   | Entered the Ecumenical Temple
  5662 | Temple   | Became a worshipper of Gozag Ym Sagoz the Greedy
  6335 | D:4      | Learned a level 4 spell: Summon Lightning Spire
  6811 | D:3      | Killed Sigmund
  6812 | D:3      | Reached XP level 8. HP: 36/36 MP: 13/16
  7319 | D:3      | Found a white marble altar of Elyvilon.
  7336 | D:3      | Found an ancient bone altar of Kikubaaqudgha.
  7421 | D:3      | Identified the +7 hand axe "Bipim" {spect, rF- Str+3 Int+3}
  7694 | D:6      | Reached skill level 1 in Hexes
  7786 | D:6      | Reached skill level 7 in Dodging
  7925 | D:6      | Reached skill level 1 in Air Magic
  8123 | D:6      | Reached skill level 5 in Spellcasting
  8282 | D:6      | Reached skill level 5 in Fighting
  8702 | D:6      | Found a sacrificial altar of Ru.
  9309 | D:7      | Found Luali's Weapon Boutique.
  9411 | D:7      | Reached XP level 9. HP: 40/40 MP: 16/18
  9593 | D:7      | Noticed a komodo dragon
  9613 | D:7      | Reached skill level 8 in Dodging
  9686 | D:7      | Killed from afar by an orc priest
  9687 | D:7      | Reached XP level 8. HP: -3/38 MP: 21/26
  9718 | D:7      | Killed from afar by an orc priest

Illustrated notes

Levels and vault maps discovered:
D:1:      minmay_arrival_semitransparent, layout_basic
D:2:      layout_rooms, basic_ecumenical_altar
D:3:      layout_loops_ring, mainiacjoe_overflow_catwalk_spiral,
          chequers_serial_rivers_micro_d, uniq_sigmund
D:4:      layout_gridville
D:5:      layout_gridville, minmay_temple_entry_poolview,
          kennysheep_generic_room_10
D:6:      layout_gridville, nicolae_ru_path_of_blood
D:7:      layout_basic, mainiacjoe_overflow_alcove_4, serial_shops, shop,
          grunt_potential
Temple:   mainiacjoe_temple_bowtie_tessellation

Skill      XL: |  1  2  3  4  5  6  7  8  9 |
---------------+----------------------------+-----
Dodging        | 3 4 5 6 7 8 |  8.2
Fighting       | 1 2 3 4 5 |  5.7
Spellcasting   | 3 4 5 |  5.6
Summonings     | 5 6 7 |  7.1
Hexes          | 3 4 |  4.4
Air Magic      | 2 |  2.7
Stealth        | |  2.7

Action                   |  1- 3 |  4- 6 |  7- 9 || total
-------------------------+-------+-------+-------++-------
Melee: Unarmed           |    31 |     4 |    15 ||    50
       Bite              |     4 |       |     1 ||     5
       Punch             |     2 |       |     1 ||     3
 Cast: Summon Small Mamm |    56 |    50 |    58 ||   164
       Call Imp          |    14 |    17 |    15 ||    46
       Call Canine Famil |     1 |    18 |    28 ||    47
       Summon Guardian G |       |     1 |    29 ||    30
       Summon Lightning  |       |       |     1 ||     1
  Use: Potion            |     3 |     3 |       ||     6
       Scroll            |       |       |    16 ||    16
 Stab: Distracted        |       |       |     1 ||     1
Armor: Skin              |     2 |     2 |     2 ||     6
Dodge: Dodged            |    48 |    17 |    27 ||    92
